 Dungeon Crawl Stone Soup version 0.20-a0-540-ge6d1839 (webtiles) character file.

11394 Lahna the Commander (level 11, 0/86 (87) HPs)
             Began as a Demonspawn Gladiator on Jan 30, 2017.
             Was a High Priest of Okawaru.
             Killed from afar by an electric eel (7 damage)
             ... with a bolt of electricity
             ... on level 1 of the Lair of Beasts.
             The game lasted 00:19:06 (10049 turns).

Lahna the Commander (Demonspawn Gladiator)         Turns: 10049, Time: 00:19:07

HP:   0/86 (87)     AC: 14    Str: 18    XL:     11   Next: 48%
MP:   18/18         EV: 12    Int:  9    God:    Okawaru [*****.]
Gold: 268           SH:  0    Dex: 18    Spells: 10/10 levels left

rFire    . . .     SeeInvis .   G - +1 lajatang (speed)
rCold    + . .     Gourm    .   E - +2 chain mail {MR+}
rNeg     . . .     Faith    .   (shield currently unavailable)
rPois    +         Spirit   .   (helmet restricted)
rElec    .         Reflect  .   (no cloak)
rCorr    .         Harm     .   b - +0 pair of gloves {Str+3}
MR       +....                  (boots unavailable)
Stlth    ..........             (no amulet)
Regen    0.3/turn               o - ring of protection from cold
                                q - ring of poison resistance

@: no status effects
A: antennae 1, claws 1, talons 3, powered by death 2
a: Heroism, Finesse, Renounce Religion


You were on level 1 of the Lair of Beasts.
You worshipped Okawaru.
Okawaru was extremely pleased with you.
You were not hungry.

You visited 3 branches of the dungeon, and saw 12 of its levels.

You collected 488 gold pieces.
You spent 220 gold pieces at shops.

Inventory:

Hand Weapons
 G - a +1 lajatang of speed (weapon)
Missiles
 d - 6 throwing nets (quivered)
Armour
 a - a +0 chain mail of fire resistance
 b - a +0 pair of gloves of strength (worn)
 E - a +2 chain mail of magic resistance (worn)
Jewellery
 o - a ring of protection from cold (right hand)
 q - a ring of poison resistance (left hand)
Wands
 u - a wand of confusion (48/48)
 v - a wand of disintegration (10/24)
Scrolls
 c - 2 scrolls of noise {unknown}
 h - a scroll of blinking {unknown}
 j - 6 scrolls of teleportation
 k - 6 scrolls of remove curse
 n - 3 scrolls of immolation
 p - a scroll of fog
 s - 6 scrolls of recharging
 t - a scroll of magic mapping {unknown}
 y - a scroll of random uselessness {unknown}
 F - a scroll of enchant armour {unknown}
 H - a scroll of silence {unknown}
 I - a scroll of acquirement {unknown}
 K - a scroll of identify
Potions
 e - 5 potions of curing
 g - 4 potions of might
 i - a potion of lignification
 m - a potion of ambrosia {unknown}
 x - 2 potions of brilliance
 z - a potion of magic
 A - a potion of cure mutation
 B - 2 potions of berserk rage
 C - a potion of haste
 D - a potion of flight
Comestibles
 f - 7 bread rations
 l - 6 royal jellies
 r - 5 meat rations
 w - 15 fruits


   Skills:
 + Level 8.7 Fighting
 + Level 8.4 Staves
 - Level 2.0 Throwing
 + Level 7.8 Armour
 + Level 7.9 Dodging
 + Level 9.7 Invocations


You had 10 spell levels left.
You didn't know any spells.

Dungeon Overview and Level Annotations

Branches:
Dungeon (10/15)            Temple (1/1) D:4            Lair (1/6) D:8
    Orc: D:9-12

Altars:
Cheibriados
Elyvilon
Gozag
Hepliaklqana
Okawaru
Ru
The Shining One

Shops:
D:5 *   D:8 [

Annotations:
D:3 Vesto's ghost, amateur DsFi
D:8 exclusion: ice statue


Innate Abilities, Weirdness & Mutations

You have a pair of small antennae on your head.
You have sharp fingernails.
You have claws for feet.
You regenerate health from kills.


Message History

* * * LOW HITPOINT WARNING * * *
You miss the electric eel. You claw the electric eel.
The electric eel is lightly wounded.
The electric eel shoots out a bolt of lightning at you!
The bolt of electricity hits you!
* * * LOW HITPOINT WARNING * * *
Your unstable footing causes you to fumble your attack.
The electric eel shoots out a bolt of lightning at you!
The bolt of electricity hits you!
* * * LOW HITPOINT WARNING * * *
The electric eel shoots out a bolt of lightning at you!
The bolt of electricity hits you!
* * * LOW HITPOINT WARNING * * *
The electric eel shoots out a bolt of lightning at you!
The bolt of electricity hits the electric eel.
The electric eel completely resists.
The bolt of electricity hits you!
* * * LOW HITPOINT WARNING * * *
The electric eel shoots out a bolt of lightning at you!
The bolt of electricity hits you!
You die...

................
................
.....≈≈≈≈≈≈.....
../.≈≈≈≈≈≈≈.....
....≈≈≈≈≈≈≈≈...▒
...≈≈≈≈;≈≈≈≈≈..▒
▒▒.≈≈≈;≈≈≈≈≈..▒
▒...≈..≈≈≈≈≈..▒
..▒▒.$.@.≈≈≈...▒
▒............
▒............▒
▒▒....▒▒.....▒
▒..... ▒▒▒▒▒▒
▒....ֆ ▒.....
.......


You could see 2 electric eels.

Vanquished Creatures
  The ghost of Oki the Slicer, a journeyman OpFi of Qazlal (D:10)
  3 two-headed ogres
  Pikel (D:7)
  An ugly thing (D:10)
  A centaur zombie (D:10)
  Joseph (D:9)
  Psyche (D:9)
  A troll (D:10)
  A merfolk (D:10)
  3 hippogriffs
  Sigmund (D:3)
  4 yaks (D:8)
  A wyvern (D:9)
  A basilisk (D:8)
  3 porcupines (D:8)
  2 ice beasts
  4 orc warriors
  2 black bears
  A slave (D:7)
  2 sky beasts
  2 phantoms
  2 necrophages
  7 ogres
  4 centaurs (D:8)
  3 crocodiles (D:8)
  A big kobold (D:8)
  3 gnoll sergeants
  4 bullfrogs
  2 scorpions (D:9)
  A water moccasin skeleton (D:8)
  5 killer bees (D:9)
  4 wights (D:7)
  3 howler monkeys (D:8)
  A bullfrog zombie (D:9)
  3 crimson imps
  A quasit (D:8)
  A centaur skeleton (D:9)
  4 hounds
  2 jellies
  3 orc priests
  6 orc wizards
  A bullfrog skeleton (D:10)
  2 iguanas
  6 worker ants
  A hound zombie (D:8)
  A worker ant zombie (D:6)
  13 gnolls
  11 adders
  A shadow imp (D:7)
  An ooze (D:1)
  2 adder skeletons
  2 worms (D:2)
  4 leopard geckos
  35 orcs
  4 giant cockroaches
  4 goblins
  7 hobgoblins
  3 jackals (D:4)
  12 kobolds
  4 quokkas
  A ball python (D:2)
  7 bats
  4 frilled lizards
  A giant cockroach zombie (D:4)
  A jackal skeleton (D:4)
  A jackal zombie (D:5)
  2 leopard gecko skeletons
  2 leopard gecko zombies (D:5)
  7 rats
237 creatures vanquished.

Vanquished Creatures (others)
  An orc priest (D:7)
  An orc wizard (D:7)
  A bat (D:2)
  2 plants (D:8)
5 creatures vanquished.

Grand Total: 242 creatures vanquished

Notes
Turn   | Place    | Note
-------+----------+-------------------------------------------
     0 | D:1      | Lahna the Demonspawn Gladiator began the quest for the Orb.
     0 | D:1      | Reached XP level 1. HP: 16/16 MP: 1/1
   184 | D:1      | Gained mutation: You have sharp toenails. [demonic ancestry]
   184 | D:1      | Reached XP level 2. HP: 22/22 MP: 2/2
  1051 | D:2      | Reached XP level 3. HP: 20/28 MP: 3/3
  1191 | D:2      | Reached skill level 1 in Armour
  1883 | D:3      | Noticed Vesto's ghost (amateur DsFi)
  1949 | D:3      | Gained mutation: You have sharp fingernails. [demonic ancestry]
  1949 | D:3      | Reached XP level 4. HP: 21/34 MP: 4/4
  2080 | D:3      | Noticed Sigmund
  2098 | D:3      | Killed Sigmund
  2098 | D:3      | Gained mutation: You have a pair of small antennae on your head. [demonic ancestry]
  2098 | D:3      | Reached XP level 5. HP: 15/41 MP: 5/5
  2614 | D:3      | Noticed an ogre
  2625 | D:3      | Killed an ogre
  2625 | D:3      | Gained mutation: You regenerate a little health from kills. [demonic ancestry]
  2625 | D:3      | Reached XP level 6. HP: 23/47 MP: 6/6
  3100 | D:4      | Found a staircase to the Ecumenical Temple.
  3130 | Temple   | Entered the Ecumenical Temple
  3136 | Temple   | Became a worshipper of Warmaster Okawaru
  3357 | D:5      | Entered Level 5 of the Dungeon
  3647 | D:5      | Reached skill level 1 in Invocations
  3647 | D:5      | Gained mutation: You have razor-sharp toenails. [demonic ancestry]
  3647 | D:5      | Reached XP level 7. HP: 43/54 MP: 7/7
  3950 | D:5      | Reached skill level 2 in Invocations
  3970 | D:5      | Reached * piety under Okawaru
  3991 | D:5      | Found Baajatoo's Bounteous Boutique.
  4652 | D:6      | Reached skill level 3 in Invocations
  4889 | D:6      | Reached skill level 5 in Staves
  5115 | D:6      | Reached XP level 8. HP: 61/61 MP: 10/10
  5154 | D:6      | Noticed a two-headed ogre
  5171 | D:6      | Killed a two-headed ogre
  5171 | D:6      | Reached ** piety under Okawaru
  5171 | D:6      | Reached skill level 5 in Fighting
  5171 | D:6      | Reached skill level 5 in Dodging
  5171 | D:6      | Reached skill level 4 in Invocations
  5855 | D:7      | Reached skill level 5 in Invocations
  5860 | D:7      | Reached XP level 9. HP: 50/68 MP: 10/12
  6075 | D:7      | Reached skill level 5 in Armour
  6094 | D:7      | Reached *** piety under Okawaru
  6176 | D:7      | Noticed Pikel
  6232 | D:7      | Killed Pikel
  6232 | D:7      | Reached skill level 6 in Invocations
  6493 | D:7      | Reached **** piety under Okawaru
  6724 | D:7      | Found a glowing golden altar of the Shining One.
  6998 | D:8      | Reached skill level 7 in Invocations
  6998 | D:8      | Gained mutation: You regenerate health from kills. [demonic ancestry]
  6998 | D:8      | Reached XP level 10. HP: 67/77 MP: 15/15
  7193 | D:8      | Noticed an ice statue
  7219 | D:8      | Found Foparrug's Antique Armour Emporium.
  7227 | D:8      | Bought a pair of glowing gloves for 220 gold pieces
  7351 | D:8      | Found a staircase to the Lair.
  7607 | D:8      | Received a gift from Okawaru
  7613 | D:8      | Reached skill level 8 in Invocations
  7688 | D:8      | Noticed a two-headed ogre
  7699 | D:8      | Killed a two-headed ogre
  7699 | D:8      | Reached ***** piety under Okawaru
  8248 | Lair:1   | Entered Level 1 of the Lair of Beasts
  8294 | D:9      | Noticed Psyche
  8312 | D:9      | Killed Psyche
  8619 | D:9      | Gained mutation: You have claws for feet. [demonic ancestry]
  8619 | D:9      | Reached XP level 11. HP: 72/85 MP: 17/17
  8665 | D:9      | Noticed Joseph
  8689 | D:9      | Killed Joseph
  8689 | D:9      | Received a gift from Okawaru
  9363 | D:10     | Entered Level 10 of the Dungeon
  9388 | D:10     | Reached skill level 9 in Invocations
  9484 | D:10     | Noticed a brown ugly thing
  9505 | D:10     | Killed a brown ugly thing
  9567 | D:10     | Noticed Oki's ghost (journeyman OpFi)
  9574 | D:10     | Noticed a two-headed ogre
  9589 | D:10     | Killed Oki's ghost
  9596 | D:10     | Killed a two-headed ogre
  9632 | D:10     | Found a glowing golden altar of the Shining One.
 10049 | Lair:1   | Killed from afar by an electric eel

Vault maps used:
D:1:      matt_arrival_grand_opening
D:2:      first_bread, lemuel_flame_loot_1
D:3:      uniq_sigmund
D:4:      temple_green
D:5:      minmay_holes, nicolae_alphabet_shops, grunt_ministairs_10,
          minmay_misc_feat_four_crosses
D:7:      basic_altar, uniq_pikel
D:8:      lemuel_ice_statue, minmay_lair_entry_grove, serial_shops, shop
D:9:      uniq_joseph, uniq_psyche
D:10:     hangedman_fish_farm, tso_metal_star
Temple:   compressed_dpeg_circular_temple
Lair:1:   basic_altar, infiniplex_staircase_pool, grunt_megastairs_5,
          serial_bayou_shore_a

Skill      XL: |  1  2  3  4  5  6  7  8  9 10 11 |
---------------+----------------------------------+-----
Throwing       | 2 |  2.0
Staves         | 3 4 5 6 7 8 |  8.4
Armour         | 1 2 3 4 6 7 |  7.8
Dodging        | 3 4 5 6 7 |  7.9
Fighting       | 3 4 5 6 8 |  8.7
Invocations    | 1 3 5 7 8 9 |  9.7

Action                   |  1- 3 |  4- 6 |  7- 9 | 10-12 || total
-------------------------+-------+-------+-------+-------++-------
Melee: Quarterstaff      |   121 |   144 |   459 |   381 ||  1105
       Kick              |    23 |    40 |   147 |   177 ||   387
       Lajatang          |       |       |       |   114 ||   114
Invok: Heroism           |       |       |     7 |     4 ||    11
Evoke: Wand              |       |     3 |       |       ||     3
  Use: Scroll            |       |       |    11 |     5 ||    16
       Potion            |       |       |     2 |       ||     2
 Stab: Confused          |       |     1 |       |       ||     1
  Eat: Chunk             |     3 |     6 |    10 |    12 ||    31
Armor: Leather armour    |    33 |    14 |       |       ||    47
       Scale mail        |       |    41 |       |       ||    41
       Chain mail        |       |       |   211 |   190 ||   401
       Skin              |       |       |     5 |       ||     5
Dodge: Dodged            |   107 |    97 |   210 |   261 ||   675
